[Event "Titled Tuesday Blitz May 4 2021"]
[White "Josse, Mark"]
[Black "Peralta, Eduardo"]
[WhiteFideId "414476"]
[BlackFideId "3700062"]
[WhiteElo "2286"]
[BlackElo "2205"]
[Result "0-1"]
[Round "10"]
[TimeControl "180+1"]
[Date "2021.05.04"]
[WhiteClock "0:00:01"]
[BlackClock "0:00:31"]

1. c4 e5 2. Nc3 Nc6 3. Nf3 d6 4. e3 g6 5. d4 Bg7 6. Be2 Nge7 7. O-O O-O 8. d5 Nb8 9. e4 a5 10. Ne1 Na6 11. Be3 f5 12. f3 f4 13. Bf2 g5 14. Nd3 Rf6 15. c5 h5 16. cxd6 cxd6 17. Rc1 b6 18. Nb5 Nc5 19. b4 axb4 20. Nxb4 Rg6 21. Nc6 Qd7 22. Bxc5 bxc5 23. a4 g4 24. Bc4 Kh7 25. Ra1 Rg5 26. a5 Ng6 27. Ra3 Nh4 28. Kh1 Ba6 29. Rg1 g3 30. h3 Bc8 31. Qa1 Nxf3 32. Rxf3 Rg6 33. Qb2 Rg4 34. Ra1 Rh4 35. Kg1 Qb7 36. Rb3 Qd7 37. Rba3 Ba6 38. Qe2 Rf8 39. Rf3 Rf6 40. Ra4 Qb7 41. Nc3 Bxc4 42. Rxc4 Qa6 43. Ra4 Qa8 44. a6 Rf7 45. a7 Rb7 46. Qa6 Rb2 47. Rf1 c4 48. Ne7 f3 0-1


[Site "https://www.chess.com"]

[Event "Titled Tuesday Blitz May 4 2021"]
[White "Kabanov, Nikolai"]
[Black "Yurtseven, Melih"]
[WhiteFideId "4127820"]
[BlackFideId "6312160"]
[WhiteElo "2376"]
[BlackElo "2160"]
[Result "0-1"]
[Round "10"]
[TimeControl "180+1"]
[Date "2021.05.04"]
[WhiteClock "0:00:03"]
[BlackClock "0:01:22"]

1. e4 e6 2. d4 d5 3. exd5 exd5 4. Bd3 Bd6 5. Ne2 Ne7 6. Bf4 Nbc6 7. c3 Bg4 8. f3 Bh5 9. O-O Qd7 10. Qd2 f6 11. Bxd6 Qxd6 12. Qf4 Qxf4 13. Nxf4 Bf7 14. Re1 Kd7 15. Nd2 g5 16. Ne2 Bg6 17. Bb5 Nf5 18. Kf2 Rhe8 19. Ng3 a6 20. Bxc6+ Kxc6 21. Nxf5 Bxf5 22. Rxe8 Rxe8 23. Re1 Rf8 24. f4 gxf4 25. Re7 Kd6 26. Re1 Rg8 27. h3 h5 28. Re2 Bd3 29. Re1 b6 30. Nf3 Be4 31. Re2 Rg3 32. Nh4 c5 33. Ke1 cxd4 34. cxd4 Rd3 35. Rf2 Rxd4 36. Rxf4 Ke5 37. Nf3+ Kxf4 38. Nxd4 Bxg2 39. h4 Kg4 40. Nc6 Kxh4 41. Kf2 Be4 42. Nb8 Kg4 43. Nd7 f5 44. Nxb6 h4 45. Nd7 h3 46. Ne5+ Kf4 47. Ng6+ Kg5 0-1


[Site "https://www.chess.com"]

[Event "Titled Tuesday Blitz May 4 2021"]
[White "Kalajzic, Ivan"]
[Black "Can, Emre"]
[WhiteFideId "14506378"]
[BlackFideId "6302181"]
[WhiteElo "2163"]
[BlackElo "2503"]
[Result "0-1"]
[Round "10"]
[TimeControl "180+1"]
[Date "2021.05.04"]
[WhiteClock "0:00:04"]
[BlackClock "0:00:26"]

1. b3 e6 2. Bb2 Ke7 3. f4 Ke8 4. Nf3 b6 5. e4 Bb7 6. Nc3 d5 7. exd5 exd5 8. Bb5+ c6 9. Bd3 Bd6 10. O-O f6 11. Nd4 Bc5 12. Na4 Bxd4+ 13. Bxd4 Ne7 14. Qh5+ Kf8 15. Rae1 Ba6 16. Nc5 Bc8 17. Bxf6 gxf6 18. Qh6+ Kf7 19. Qh5+ Kg7 20. Re3 bxc5 21. Rg3+ Kf8 22. Qh6+ Ke8 23. Qxf6 Rf8 24. Qe5 Bf5 25. Bxf5 Rxf5 26. Rg8+ Rf8 0-1


[Site "https://www.chess.com"]

[Event "Titled Tuesday Blitz May 4 2021"]
[White "Kanyamarala, Tarun"]
[Black "Callejas Rojas, Francisco Miguel"]
[WhiteFideId "45004714"]
[BlackFideId "32072503"]
[WhiteElo "2086"]
[BlackElo "2293"]
[Result "0-1"]
[Round "10"]
[TimeControl "180+1"]
[Date "2021.05.04"]
[WhiteClock "0:00:01"]
[BlackClock "0:00:16"]

1. e4 c5 2. Ne2 a6 3. g3 b5 4. Bg2 Bb7 5. Nbc3 e6 6. d4 cxd4 7. Nxd4 d6 8. O-O Nf6 9. Re1 b4 10. Nd5 Nbd7 11. Bg5 Be7 12. Nxe7 Qxe7 13. a3 bxa3 14. Rxa3 O-O 15. Rb3 Nc5 16. Rf3 Bxe4 17. Rf4 Bxg2 18. Nf5 Qb7 19. Bxf6 Bh3 20. Nh6+ Kh8 21. f3 gxf6 22. Qd4 e5 23. Qxd6 Nd7 24. Rxe5 fxe5 25. Rxf7 Rxf7 26. Nxf7+ Kg7 27. Ng5 Qb6+ 28. Kh1 Qxd6 0-1


[Site "https://www.chess.com"]

[Event "Titled Tuesday Blitz May 4 2021"]
[White "Kanyamarala, Trisha"]
[Black "Langner, Ladislav"]
[WhiteFideId "45004722"]
[BlackFideId "300403"]
[WhiteElo "2074"]
[BlackElo "2346"]
[Result "0-1"]
[Round "10"]
[TimeControl "180+1"]
[Date "2021.05.04"]
[WhiteClock "0:00:08"]
[BlackClock "0:01:00"]

1. d4 Nf6 2. c4 g6 3. Nc3 d5 4. cxd5 Nxd5 5. e4 Nxc3 6. bxc3 c5 7. Be3 Bg7 8. Nf3 Bg4 9. Rb1 Nc6 10. Rxb7 cxd4 11. cxd4 Bxf3 12. Qxf3 Nxd4 13. Bxd4 Qa5+ 14. Ke2 Bxd4 15. Qd3 Qxa2+ 16. Qd2 Qa6+ 17. Kf3 Qxb7 18. Qxd4 O-O 19. Be2 Rfd8 20. Qe3 Rac8 21. h4 Qb4 22. Rc1 Rxc1 23. Qxc1 Qb3+ 24. Kg4 h5+ 25. Kg5 Kg7 26. Qa1+ f6+ 27. Kf4 e5+ 0-1


[Site "https://www.chess.com"]

[Event "Titled Tuesday Blitz May 4 2021"]
[White "Kapitanchuk, Tomas"]
[Black "Onufrienko, Vladislav"]
[WhiteFideId "135046"]
[BlackFideId "13804332"]
[WhiteElo "1955"]
[BlackElo "1661"]
[Result "0-1"]
[Round "10"]
[TimeControl "180+1"]
[Date "2021.05.04"]
[WhiteClock "0:02:53"]
[BlackClock "0:02:44"]

1. e4 c5 2. Nf3 Nc6 3. Bb5 e5 4. Bxc6 dxc6 5. O-O Bd6 6. c3 Ne7 7. d4 cxd4 8. cxd4 exd4 9. Qxd4 O-O 10. e5 Bc7 11. Qh4 Ng6 12. Qxd8 Rxd8 13. Re1 Bg4 14. Bg5 Re8 0-1


[Site "https://www.chess.com"]

[Event "Titled Tuesday Blitz May 4 2021"]
[White "Karavaeva, Olga"]
[Black "Estrada Nieto, Julian"]
[WhiteFideId "4124111"]
[BlackFideId "5101018"]
[WhiteElo "2105"]
[BlackElo "2270"]
[Result "1-0"]
[Round "10"]
[TimeControl "180+1"]
[Date "2021.05.04"]
[WhiteClock "0:00:08"]
[BlackClock "0:00:07"]

1. c4 e5 2. g3 Nf6 3. Bg2 d5 4. cxd5 Nxd5 5. Nc3 Nb6 6. Nf3 Nc6 7. O-O Be7 8. d3 O-O 9. b3 Re8 10. Bb2 Bf8 11. Rc1 Bg4 12. h3 Bh5 13. Ne4 Nd4 14. g4 Bg6 15. Ng3 a5 16. Qd2 Bb4 17. Bc3 Bxc3 18. Rxc3 c6 19. Rfc1 Nd5 20. Rc4 Nxf3+ 21. Bxf3 Nf4 22. Kh2 h6 23. a4 Qh4 24. Rxf4 exf4 25. Qxf4 Qe7 26. Rc4 Rad8 27. d4 Qd6 28. Qxd6 Rxd6 29. e3 f6 30. Rc5 Ra8 31. Nf5 Rd7 32. Kg3 Bf7 33. Rc3 g6 34. Nxh6+ Kg7 35. Nxf7 Kxf7 36. Rc5 g5 37. Be4 Ke7 38. Bf5 Rdd8 39. f4 Kd6 40. e4 gxf4+ 41. Kxf4 Rh8 42. Kg3 Kc7 43. d5 Kb6 44. Rc4 cxd5 45. exd5 Rae8 46. Be6 Rd8 47. h4 Rh7 48. h5 Rg7 49. Kf4 Rh8 50. d6 Rd8 51. d7 Ka7 52. Rc5 Re7 53. Kf5 Kb6 54. Rb5+ Kc6 55. Kxf6 Rexd7 56. Bxd7+ Rxd7 57. Rxa5 Rd6+ 58. Kf5 Rd3 59. Rb5 Rf3+ 60. Kg6 Rf1 61. g5 Rg1 62. h6 b6 63. h7 Rh1 64. Kg7 Rh5 65. h8=Q Rxh8 66. Kxh8 Kc7 67. g6 Kc6 68. g7 Kc7 69. g8=Q Kc6 70. Qg6+ Kc7 71. Qxb6+ Kd7 72. Qa7+ Ke6 73. Qa6+ Kf7 74. Rb7+ Ke8 75. Qa8# 1-0


[Site "https://www.chess.com"]

[Event "Titled Tuesday Blitz May 4 2021"]
[White "Keymer, Vincent"]
[Black "Saraci, Nderim"]
[WhiteFideId "12940690"]
[BlackFideId "6351921"]
[WhiteElo "2474"]
[BlackElo "2486"]
[Result "1-0"]
[Round "10"]
[TimeControl "180+1"]
[Date "2021.05.04"]
[WhiteClock "0:00:08"]
[BlackClock "0:00:01"]

1. Nf3 d5 2. c4 c6 3. e3 Nf6 4. Nc3 g6 5. d4 Bg7 6. Be2 O-O 7. O-O Bg4 8. h3 Bxf3 9. Bxf3 e6 10. b3 Nbd7 11. Bb2 Re8 12. Re1 Qe7 13. g3 a5 14. a4 Rad8 15. Qc2 Rc8 16. Bg2 Qb4 17. c5 Nxc5 18. dxc5 Qxc5 19. Rac1 Nd7 20. h4 Qb4 21. h5 Nf6 22. hxg6 hxg6 23. Ne2 e5 24. Rb1 Nd7 25. e4 d4 26. Bh3 Rc7 27. Bxd7 Rxd7 28. Qd3 b5 29. Kg2 bxa4 30. bxa4 Qxa4 31. Ba3 Rdd8 32. Ng1 Rb8 33. Nf3 Rb5 34. Bd6 Rd8 35. Bc7 Rc8 36. Ra1 Qb3 37. Qxb3 Rxb3 38. Bxa5 Rb5 39. Nd2 f6 40. Nc4 Bf8 41. Bd2 Rcb8 42. Ra7 Rc5 43. Rc1 Rb3 44. Ra8 Kg7 45. g4 g5 46. Ra7+ Kg6 47. Ra6 Be7 48. Ra7 Bf8 49. Rc7 Rb8 50. Rd7 Rb3 51. Rd8 Kg7 52. Ra8 Rb7 53. Na5 Rxc1 54. Bxc1 Rb1 55. Bd2 c5 56. Nc4 Rb3 57. Ba5 1-0


[Site "https://www.chess.com"]

[Event "Titled Tuesday Blitz May 4 2021"]
[White "Khnykin, Nikolay"]
[Black "Yonal, Timur"]
[WhiteFideId "4188853"]
[BlackFideId "44115725"]
[WhiteElo "2280"]
[BlackElo "1694"]
[Result "1-0"]
[Round "10"]
[TimeControl "180+1"]
[Date "2021.05.04"]
[WhiteClock "0:01:36"]
[BlackClock "0:00:01"]

1. e4 c5 2. d4 cxd4 3. c3 d3 4. Bxd3 g6 5. Nf3 d6 6. Bc4 Bg7 7. O-O Nf6 8. e5 Nh5 9. exd6 Qxd6 10. Qxd6 exd6 11. Re1+ Kf8 12. Ng5 Nf6 13. Nxf7 d5 14. Nxh8 dxc4 15. Nxg6+ hxg6 16. Na3 Nc6 17. Nxc4 Bg4 18. Bg5 Rb8 19. f3 Bf5 20. g4 Bd3 21. Nd6 Ba6 22. Rad1 1-0


[Site "https://www.chess.com"]

[Event "Titled Tuesday Blitz May 4 2021"]
[White "Kilpatrick, Callum"]
[Black "katchesskat"]
[WhiteFideId "414425"]
[WhiteElo "2470"]
[BlackElo "2294"]
[Result "1-0"]
[Round "10"]
[TimeControl "180+1"]
[Date "2021.05.04"]
[WhiteClock "0:00:17"]
[BlackClock "0:00:03"]

1. e4 c5 2. Nf3 e6 3. d4 cxd4 4. Nxd4 a6 5. Bd3 Qc7 6. O-O b5 7. a4 bxa4 8. Rxa4 Bb7 9. Nc3 Nf6 10. Kh1 h5 11. f4 Bc5 12. e5 Ng4 13. Be4 Nc6 14. Nxc6 Bxc6 15. Rc4 Nf2+ 16. Rxf2 Bxf2 17. Qf3 Qa7 18. Bxc6 dxc6 19. Ne4 Bh4 20. Nd6+ Kf8 21. Be3 Qd7 22. Rxc6 Rb8 23. b3 a5 24. f5 exf5 25. Nxf5 Bd8 26. e6 Qb7 27. Bc5+ Kg8 28. e7 Bxe7 29. Nxe7+ Kh7 30. Qf5+ g6 31. Qxf7+ Kh6 32. Qxg6# 1-0


[Site "https://www.chess.com"]

[Event "Titled Tuesday Blitz May 4 2021"]
[White "Kiselev, Gennady"]
[Black "Suasnabar, Jesus"]
[WhiteFideId "4117107"]
[BlackFideId "3800776"]
[WhiteElo "2323"]
[BlackElo "2002"]
[Result "1-0"]
[Round "10"]
[TimeControl "180+1"]
[Date "2021.05.04"]
[WhiteClock "0:00:27"]
[BlackClock "0:00:01"]

1. e4 c6 2. d4 d5 3. f3 g6 4. Nc3 Bg7 5. Be3 Nf6 6. e5 Nfd7 7. f4 O-O 8. Nf3 e6 9. h4 h5 10. Be2 c5 11. dxc5 Qa5 12. Ng5 Nxc5 13. Bxh5 Nc6 14. O-O d4 15. Bxd4 Rd8 16. Ne2 Nxd4 17. Nxd4 Qb4 18. c3 Qxb2 19. Nxf7 Kxf7 20. Bxg6+ Kxg6 21. Qg4+ Kh7 22. f5 Qxc3 23. Nf3 exf5 24. Qh5+ Kg8 25. Ng5 Qxe5 26. Qf7+ Kh8 27. Qh5+ Kg8 28. Rae1 Qd4+ 29. Kh1 Ne4 30. Rxe4 fxe4 31. Qh7# 1-0


[Site "https://www.chess.com"]

[Event "Titled Tuesday Blitz May 4 2021"]
[White "Kiseljova, Marya"]
[Black "Ambrogi, Agustin"]
[WhiteFideId "4155009"]
[BlackFideId "170933"]
[WhiteElo "1797"]
[BlackElo "2214"]
[Result "1/2-1/2"]
[Round "10"]
[TimeControl "180+1"]
[Date "2021.05.04"]
[WhiteClock "0:00:15"]
[BlackClock "0:00:09"]

1. d4 e6 2. Bf4 f5 3. e3 Nf6 4. h3 b6 5. Nf3 Bb7 6. Nc3 Be7 7. Be2 O-O 8. O-O Ne4 9. Nxe4 Bxe4 10. c4 d6 11. d5 e5 12. Bh2 Nd7 13. Nd2 Nc5 14. b4 Na6 15. f3 Bg5 16. fxe4 Bxe3+ 17. Kh1 Nxb4 18. a3 Na6 19. exf5 Nc5 20. Rf3 Bd4 21. Nb3 Bxa1 22. Nxc5 bxc5 23. Qxa1 Rb8 24. Bg3 Qg5 25. Qf1 Rb2 26. Kh2 h5 27. Be1 h4 28. g3 e4 29. gxh4 Qh6 30. Rg3 Rxf5 31. Qxf5 Rxe2+ 32. Bf2 e3 33. Qc8+ Kh7 34. Qg4 Rxf2+ 35. Kg1 Qf6 36. Qh5+ Kg8 37. Qe8+ Kh7 38. Qh5+ Kg8 39. Qe8+ Kh7 40. Qh5+ 1/2-1/2


[Site "https://www.chess.com"]

[Event "Titled Tuesday Blitz May 4 2021"]
[White "Klimkowski, Jan"]
[Black "Preotu, Razvan"]
[WhiteFideId "21856222"]
[BlackFideId "2613280"]
[WhiteElo "1903"]
[BlackElo "2407"]
[Result "1-0"]
[Round "10"]
[TimeControl "180+1"]
[Date "2021.05.04"]
[WhiteClock "0:00:16"]
[BlackClock "0:00:01"]

1. e4 c5 2. Nf3 d6 3. d4 cxd4 4. Nxd4 Nf6 5. Nc3 a6 6. Be3 e5 7. Nb3 Be7 8. f3 Be6 9. Qd2 h5 10. O-O-O Nbd7 11. Nd5 Nxd5 12. exd5 Bf5 13. Bd3 Bxd3 14. Qxd3 Bg5 15. Kb1 Bxe3 16. Qxe3 O-O 17. f4 Qh4 18. fxe5 Nxe5 19. Nd4 g6 20. g3 Qh3 21. Qg5 Rae8 22. Rhf1 Qg4 23. Qf6 Nc4 24. h3 Qe4 25. b3 Ne3 26. Rde1 Qe5 27. Rf3 Nxd5 28. Rxe5 Nxf6 29. Rxe8 Nxe8 30. Re3 Nf6 31. Re7 Rb8 32. Rc7 Kf8 33. c4 Ne4 34. Rd7 Nxg3 35. Rxd6 Ke7 36. Rd5 Kf6 37. Nf3 Nf5 38. Ne5 Ke6 39. Nd7 Rc8 40. Nc5+ Ke7 41. Nxb7 Rc7 42. Nc5 Nd6 43. Nxa6 Rc6 44. Nb4 Rc8 45. c5 Ne4 46. Kb2 Nxc5 47. a4 1-0


[Site "https://www.chess.com"]

[Event "Titled Tuesday Blitz May 4 2021"]
[White "Kollars, Dmitrij"]
[Black "Acor, Corey"]
[WhiteFideId "12909572"]
[BlackFideId "2024861"]
[WhiteElo "2576"]
[BlackElo "2763"]
[Result "1-0"]
[Round "10"]
[TimeControl "180+1"]
[Date "2021.05.04"]
[WhiteClock "0:01:10"]
[BlackClock "0:00:09"]

1. Nf3 d6 2. d4 g6 3. e4 Bg7 4. Bc4 Nc6 5. O-O e5 6. dxe5 dxe5 7. Qe2 Bg4 8. c3 Nf6 9. Nbd2 O-O 10. h3 Bd7 11. Rd1 Qe7 12. b4 Nh5 13. a4 Nf4 14. Qf1 Rfe8 15. Nb3 Rad8 16. b5 Nb8 17. Be3 b6 18. a5 Qf6 19. axb6 axb6 20. Bxf4 exf4 21. e5 Qe7 22. Re1 Be6 23. Nbd4 Bd5 24. Ra7 Qc5 25. Bxd5 Rxd5 26. e6 Qxc3 27. exf7+ Kxf7 28. Rc1 Qxc1 29. Qxc1 Bxd4 30. Qxc7+ Nd7 31. Qc4 Ke6 32. Nxd4+ 1-0


[Site "https://www.chess.com"]

[Event "Titled Tuesday Blitz May 4 2021"]
[White "Korkmaz, Necmettin"]
[Black "Sargsyan, Anna M."]
[WhiteFideId "6303285"]
[BlackFideId "13308130"]
[WhiteElo "2094"]
[BlackElo "2263"]
[Result "1/2-1/2"]
[Round "10"]
[TimeControl "180+1"]
[Date "2021.05.04"]
[WhiteClock "0:00:05"]
[BlackClock "0:00:07"]

1. e4 c6 2. d4 d5 3. Nc3 dxe4 4. Nxe4 Bf5 5. Ng3 Bg6 6. h4 h6 7. Nf3 e6 8. h5 Bh7 9. Bd3 Bxd3 10. Qxd3 Nf6 11. Bd2 c5 12. O-O-O Nc6 13. Bc3 Qd5 14. Kb1 c4 15. Qe2 b5 16. Ne5 b4 17. Be1 Nxd4 18. Qxc4 Qxc4 19. Nxc4 Nc6 20. Nd6+ Bxd6 21. Rxd6 Rc8 22. f3 Nd5 23. Bf2 Rc7 24. Re1 O-O 25. Ne4 Rfc8 26. Rd1 a5 27. Rc1 a4 28. c4 bxc3 29. Nxc3 Ncb4 30. Ne2 Rxc1+ 31. Nxc1 Rc2 32. Be1 Rxg2 33. Bxb4 Nxb4 34. a3 Nd5 35. Ra6 Nf4 36. Rxa4 e5 37. Re4 Rg1 38. Kc2 f5 39. Ra4 Nxh5 40. b4 e4 41. fxe4 fxe4 42. b5 Nf4 43. Rxe4 Nd5 44. Rd4 Rg5 45. Nd3 h5 46. a4 h4 47. Rxh4 Rg2+ 48. Kb3 Rd2 49. Kc4 Ne3+ 50. Kd4 Nf5+ 51. Kc3 Ra2 52. Kb3 Ra1 53. Rf4 Ne7 54. Nb4 Nc8 55. Rc4 Nb6 56. Rc6 Nd7 57. Rc7 Nb6 58. Rb7 Nxa4 59. Ra7 Nc5+ 60. Kc4 Rxa7 61. Kxc5 Rc7+ 62. Kd6 Rc4 63. Nd5 g5 64. b6 Rc1 65. b7 Rb1 66. Kc7 Rc1+ 67. Kd7 Rb1 68. Kc7 Rxb7+ 69. Kxb7 Kf7 70. Kc6 Ke6 71. Ne3 Ke5 72. Ng4+ Kf4 73. Nh6 Ke5 74. Kc5 Kf6 75. Kd4 Kg6 76. Ng4 Kh5 77. Ne5 Kh4 78. Ke3 Kg3 79. Ke4 Kh4 80. Kf5 Kg3 81. Ng4 Kf3 82. Nf6 Kg3 83. Ng4 Kf3 84. Kxg5 1/2-1/2


[Site "https://www.chess.com"]

[Event "Titled Tuesday Blitz May 4 2021"]
[White "Kovalev, Vladislav"]
[Black "Kopjonkin, Kirill"]
[WhiteFideId "13504398"]
[BlackFideId "24140090"]
[WhiteElo "2573"]
[BlackElo "2224"]
[Result "1-0"]
[Round "10"]
[TimeControl "180+1"]
[Date "2021.05.04"]
[WhiteClock "0:00:05"]
[BlackClock "0:00:17"]

1. e4 c5 2. Nf3 d6 3. d4 cxd4 4. Nxd4 Nf6 5. Nc3 a6 6. Rg1 e5 7. Nb3 Be6 8. g4 d5 9. exd5 Nxd5 10. Nxd5 Qxd5 11. Qxd5 Bxd5 12. Be3 Nc6 13. O-O-O O-O-O 14. g5 Be6 15. Rxd8+ Kxd8 16. Nc5 Bxc5 17. Bxc5 Kc7 18. b3 Nd4 19. Bd3 h6 20. g6 f6 21. Kb2 Rd8 22. Rg3 a5 23. Be4 f5 24. Bg2 f4 25. Rc3 Ne2 26. Rd3 Rxd3 27. cxd3 Nd4 28. Bf8 f3 29. Bh1 Bf5 30. Bxg7 Kd6 31. Bxh6 Bxg6 32. Be3 Bh5 33. Kc3 Kd5 34. a3 b5 35. Kb2 Ke6 36. Bd2 a4 37. bxa4 bxa4 38. Kc3 Kf5 39. Kb4 Be8 40. Be3 Kg4 41. h3+ Kxh3 42. Bxd4 exd4 43. Bxf3 Kh2 44. Be4 Kg1 45. f4 Kf2 46. f5 Ke3 47. f6 Kf4 48. Bd5 Ke3 49. Kc4 Bg6 50. f7 1-0


[Site "https://www.chess.com"]

[Event "Titled Tuesday Blitz May 4 2021"]
[White "Kraemer, Martin"]
[Black "elohunter1999"]
[WhiteFideId "4671910"]
[WhiteElo "2482"]
[BlackElo "2540"]
[Result "0-1"]
[Round "10"]
[TimeControl "180+1"]
[Date "2021.05.04"]
[WhiteClock "0:00:26"]
[BlackClock "0:01:06"]

1. d4 Nf6 2. c4 e6 3. Nc3 c5 4. d5 exd5 5. cxd5 d6 6. Nf3 g6 7. Bf4 Bg7 8. Qa4+ Bd7 9. Qb3 Qc7 10. e4 O-O 11. Be2 b5 12. Bxb5 Nxe4 13. Nxe4 Qa5+ 14. Bd2 Qxb5 15. Qxb5 Bxb5 16. Nxd6 Ba6 17. O-O-O Rd8 18. Ne4 Rxd5 19. Bc3 Rxd1+ 20. Rxd1 Nc6 21. Bxg7 Kxg7 22. Nxc5 Be2 23. Rd7 Bxf3 24. gxf3 Ne5 25. Rc7 Nxf3 26. h3 h5 27. b4 g5 28. Kd1 Re8 29. Rxa7 Re1+ 30. Kc2 g4 31. hxg4 h4 32. Ne6+ Rxe6 0-1


[Site "https://www.chess.com"]

[Event "Titled Tuesday Blitz May 4 2021"]
[White "Kretov, Evgenij"]
[Black "Leitao, Rafael"]
[WhiteFideId "4167821"]
[BlackFideId "2101246"]
[WhiteElo "2381"]
[BlackElo "2609"]
[Result "1-0"]
[Round "10"]
[TimeControl "180+1"]
[Date "2021.05.04"]
[WhiteClock "0:00:33"]
[BlackClock "0:00:02"]

1. d4 Nf6 2. c4 g6 3. Nc3 Bg7 4. e4 d6 5. Be2 O-O 6. Bg5 Na6 7. Qd2 e5 8. d5 Qe8 9. f3 Nh5 10. O-O-O f5 11. Be3 Nc5 12. Nh3 Nf4 13. Nxf4 exf4 14. Bxc5 dxc5 15. Bd3 Bd4 16. Rhe1 Be3 17. Rxe3 fxe3 18. Qxe3 Qe7 19. e5 f4 20. Qe2 Bf5 21. Re1 Bxd3 22. Qxd3 Rf5 23. e6 Rd8 24. Re2 Qf6 25. Kc2 Qe7 26. g4 fxg3 27. hxg3 c6 28. f4 Rd6 29. Qe4 Rf8 30. g4 Qf6 31. f5 gxf5 32. gxf5 Kh8 33. Kb3 Re8 34. Qf4 Rdd8 35. d6 b5 36. d7 Re7 37. Qc7 bxc4+ 38. Ka3 Qf8 39. f6 Rexd7 40. exd7 1-0


[Site "https://www.chess.com"]

[Event "Titled Tuesday Blitz May 4 2021"]
[White "Kriti Mayur Patel"]
[Black "Araujo Filho, Luiz Antonio Coel"]
[WhiteFideId "35061780"]
[BlackFideId "2130661"]
[WhiteElo "1212"]
[BlackElo "2227"]
[Result "0-1"]
[Round "10"]
[TimeControl "180+1"]
[Date "2021.05.04"]
[WhiteClock "0:01:14"]
[BlackClock "0:00:24"]

1. e4 c6 2. d4 d5 3. exd5 cxd5 4. Bd3 Nf6 5. c3 Nc6 6. Bf4 g6 7. h3 Bg7 8. Nf3 O-O 9. O-O a6 10. Nbd2 b5 11. Bg3 Nh5 12. Qe2 Nxg3 13. fxg3 b4 14. Rac1 bxc3 15. Rxc3 Nxd4 16. Qf2 Nxf3+ 17. Nxf3 Bxc3 18. bxc3 Qc7 19. Ng5 Qxc3 20. Nxf7 Qg7 21. Nh6+ Qxh6 22. Qd4 Rxf1+ 23. Bxf1 Be6 24. Qe5 Bf7 25. Qxe7 Qf8 26. Qb7 a5 27. Bb5 Rb8 28. Qc6 Qc8 29. Qf6 Rxb5 30. Kh2 Rb7 31. a4 Rd7 32. Qd4 Qc4 33. Qb6 Qb4 34. Qc6 Rd8 35. Qc7 Re8 36. Qd7 d4 37. Qa7 d3 38. Qd7 d2 39. h4 Qc3 40. Kh3 Be6+ 41. Qxe6+ Rxe6 42. Kg4 d1=Q+ 43. Kg5 Qc5+ 44. Kh6 Qch5# 0-1


[Site "https://www.chess.com"]

[Event "Titled Tuesday Blitz May 4 2021"]
[White "Kujawski, Adam"]
[Black "Roebers, Jan"]
[WhiteFideId "1100920"]
[BlackFideId "1007815"]
[WhiteElo "2053"]
[BlackElo "2196"]
[Result "1-0"]
[Round "10"]
[TimeControl "180+1"]
[Date "2021.05.04"]
[WhiteClock "0:00:04"]
[BlackClock "0:00:02"]

1. e4 e5 2. Nf3 Nc6 3. Bb5 a6 4. Ba4 Nf6 5. O-O Be7 6. d4 exd4 7. e5 Ne4 8. Nxd4 Nxd4 9. Qxd4 Nc5 10. Qg4 O-O 11. Bh6 Ne6 12. Bb3 Kh8 13. Bxe6 gxh6 14. Bf5 Rg8 15. Qh3 Rg5 16. f4 Bc5+ 17. Kh1 Rg7 18. Qxh6 d5 19. Bxc8 Rxc8 20. Nc3 Qf8 21. Nxd5 Rg6 22. Qxf8+ Bxf8 23. c3 c5 24. Rad1 c4 25. Nf6 Be7 26. Ne4 Rb6 27. Rf2 f5 28. exf6 Bxf6 29. Nxf6 Rxf6 30. g3 b5 31. Kg2 a5 32. Rd4 b4 33. cxb4 axb4 34. Rc2 Rfc6 35. b3 c3 36. Rxb4 Rd6 37. Kf3 Rd2 38. Rc1 Rxa2 39. Rc4 Rb8 40. R1xc3 Rxh2 41. Rc8+ Rxc8 42. Rxc8+ Kg7 43. Rc3 Kf7 44. Ke4 h5 45. Kd4 h4 46. gxh4 Rxh4 47. Ke5 Rh1 48. Rc7+ Ke8 49. Rb7 Rc1 50. f5 Rc6 51. f6 Kf8 52. b4 1-0


[Site "https://www.chess.com"]

[Event "Titled Tuesday Blitz May 4 2021"]
[White "Lagunow, Raphael"]
[Black "Chyzy, Jakub"]
[WhiteFideId "24652644"]
[BlackFideId "21806209"]
[WhiteElo "2400"]
[BlackElo "2013"]
[Result "0-1"]
[Round "10"]
[TimeControl "180+1"]
[Date "2021.05.04"]
[WhiteClock "0:00:15"]
[BlackClock "0:00:05"]

1. Nf3 Nf6 2. g3 d6 3. Bg2 Nbd7 4. d4 e5 5. O-O Be7 6. dxe5 dxe5 7. b3 c6 8. Bb2 Qc7 9. Nbd2 O-O 10. a4 Rd8 11. e4 b5 12. a5 a6 13. Qe2 c5 14. Rfd1 Bb7 15. h3 Bd6 16. Nh4 g6 17. Nf1 Nf8 18. Ne3 Nxe4 19. Nd5 Bxd5 20. Rxd5 Nf6 21. Rxd6 Qxd6 22. Bxa8 Rxa8 23. Bxe5 Qe6 24. Re1 Re8 25. Qf1 Nd5 26. Bc3 Qd7 27. Rxe8 Qxe8 28. Bb2 Qe4 29. Qd1 Ne6 30. Nf3 c4 31. Be5 c3 32. Bd6 f5 33. Ba3 h6 34. Bc1 g5 35. Ne1 Kf7 36. Nd3 Kg6 37. Ba3 Nd4 38. Ne1 b4 39. Bc1 Ne2+ 40. Kh2 Nxc1 41. Qxc1 Qe2 42. Kg1 f4 43. Nd3 fxg3 44. fxg3 Ne3 45. Nf2 Qf3 46. Qxe3 Qxe3 47. Kg2 Qd2 48. Kf3 Qxc2 49. Ne4 Qb2 50. Kg4 Qxb3 51. Nc5 Qd1# 0-1


[Site "https://www.chess.com"]

[Event "Titled Tuesday Blitz May 4 2021"]
[White "Lauridsen, Jesper Morch"]
[Black "Jary, Sergey"]
[WhiteFideId "1401890"]
[BlackFideId "14110350"]
[WhiteElo "2279"]
[BlackElo "2260"]
[Result "0-1"]
[Round "10"]
[TimeControl "180+1"]
[Date "2021.05.04"]
[WhiteClock "0:00:01"]
[BlackClock "0:01:29"]

1. e4 g6 2. d4 Bg7 3. Nc3 a6 4. f4 b5 5. Nf3 Bb7 6. Bd3 d6 7. a4 b4 8. Nd5 a5 9. f5 Nf6 10. Nxf6+ Bxf6 11. e5 Bg7 12. fxg6 hxg6 13. e6 f5 14. Ng5 Qc8 15. d5 Na6 16. Nf7 Rh7 17. O-O Nc5 18. Bxf5 gxf5 19. Qf3 Qxe6 20. dxe6 Bxf3 21. Ng5 Bd4+ 22. Kh1 Bxg2+ 23. Kxg2 Rg7 24. Rxf5 Nxe6 25. Kf3 Nxg5+ 26. Bxg5 Bxb2 27. Re1 Be5 28. Bf4 Bxf4 29. Kxf4 e5+ 30. Ke4 O-O-O 31. Kd5 Kd7 32. Kc4 c6 33. Ref1 Rg4+ 34. Kb3 Ke6 35. Rf7 Rh8 36. Ra7 Rh3+ 37. Kb2 b3 38. cxb3 Rb4 39. Rxa5 Rbxb3+ 40. Ka2 Ra3+ 41. Kb2 Rhb3+ 42. Kc2 Rf3 43. Rxf3 Rxf3 44. Ra8 Rf2+ 45. Kd3 Rxh2 46. a5 Ra2 47. a6 Kd5 48. a7 Ra3+ 49. Ke2 e4 50. Kd2 c5 51. Ke2 Kd4 52. Rd8 Ra2+ 53. Kd1 Rxa7 54. Rxd6+ Ke3 55. Rc6 Ra5 56. Kc2 Ke2 57. Kc3 e3 58. Rh6 Kf3 0-1


[Site "https://www.chess.com"]

[Event "Titled Tuesday Blitz May 4 2021"]
[White "Lejean-Anusca, Madalina-Maria"]
[Black "Borawski, Jakub"]
[WhiteFideId "1215396"]
[BlackFideId "1143000"]
[WhiteElo "2002"]
[BlackElo "2020"]
[Result "0-1"]
[Round "10"]
[TimeControl "180+1"]
[Date "2021.05.04"]
[WhiteClock "0:01:30"]
[BlackClock "0:01:38"]

1. d4 Nf6 2. e3 e6 3. Bd3 b6 4. f4 Bb7 5. Nf3 d6 6. O-O Nbd7 7. c3 Be7 8. Nbd2 O-O 9. Bc2 c5 10. e4 cxd4 11. cxd4 e5 12. fxe5 dxe5 13. d5 Rc8 14. Ba4 a6 15. Bc2 Ng4 16. Nb3 h5 17. h3 Ngf6 18. Be3 Bd6 19. Rc1 b5 20. Bb1 Qe7 21. Na5 Nc5 22. Bxc5 Bxc5+ 23. Kh2 Ba8 24. a3 b4 25. axb4 Bxb4 26. Nc6 Bxc6 27. Rxc6 Rxc6 28. dxc6 Rc8 29. Qc2 Ne8 30. Qc4 a5 31. Rc1 Qf6 32. Qd5 Qf4+ 33. Kh1 Qxc1+ 34. Ng1 Qxb1 35. Qd7 Nd6 36. c7 Bc5 37. Qd8+ Kh7 0-1


[Site "https://www.chess.com"]